 Dungeon Crawl Stone Soup version 0.27-a0-1416-g941b2bd30b (webtiles) character file.

Game seed: 16519772862058724583

42 wesbby the Slasher (level 3, -2/33 HPs)
             Began as a Minotaur Berserker on July 1, 2021.
             Was a Believer of Trog.
             Slain by a gnoll (4 damage)
             ... on level 2 of the Dungeon.
             The game lasted 00:01:31 (1103 turns).

wesbby the Slasher (Minotaur Berserker)             Turns: 1103, Time: 00:01:33

Health: -2/33      AC:  5    Str: 19 (22) XL:     3   Next: 33%
Magic:  2/2        EV: 11    Int:  2 (4)  God:    Trog [**....]
Gold:   35         SH:  0    Dex:  8 (9)  Spells: 2/2 levels left

rFire    . . .     SeeInvis .   a - +0 falchion
rCold    . . .     Faith    .   (no shield)
rNeg     . . .     Spirit   .   e - +0 ring mail
rPois    .         Reflect  .   (helmet restricted)
rElec    .         Harm     .   (no cloak)
rCorr    .         Rampage  .   (no gloves)
Will     .....                  (no boots)
Stlth    ..........             (no amulet)
HPRegen  0.11/turn              (no ring)
MPRegen  0.08/turn              (no ring)

@: no status effects
A: horns 2, retaliatory headbutt
a: Renounce Religion, Berserk, Trog's Hand


You were on level 2 of the Dungeon.
You worshipped Trog.
Trog was pleased with you.
You visited 1 branch of the dungeon, and saw 2 of its levels.

You collected 35 gold pieces.

Inventory:

Hand Weapons
 a - a +0 falchion (weapon)
Armour
 b - a +0 animal skin
 e - a +0 ring mail (worn)
Scrolls
 d - a scroll of enchant armour {unknown}
 f - a scroll of fear {unknown}
 g - a scroll of magic mapping {unknown}
 h - a scroll of identify {unknown}


   Skills:
 + Level 4.2 Fighting
 + Level 4.5 Long Blades
 + Level 2.6 Armour
 + Level 2.5 Dodging


You had 2 spell levels left.
You didn't know any spells.
Your spell library was empty.

Dungeon Overview and Level Annotations

Branches:
Dungeon (2/15)

Altars:


Innate Abilities, Weirdness & Mutations

You have a pair of horns on your head.
You reflexively headbutt those who attack you in melee.


Message History

No target in view!
No target in view!
No target in view!
No target in view!
No target in view!
No target in view!
Things that are here:
a +0 short sword; a kobold corpse You see here 3 boomerangs.
A dart slug comes into view.
A frilled lizard and a gnoll come into view.
The gnoll is wielding a +2 spear of flaming.
The gnoll shouts!
The frilled lizard hisses angrily.
A gnoll comes into view. It is wielding a +0 flail.
Found 9 gold pieces.
The dart slug launches a dart at you. The slug dart hits you.
You closely miss the frilled lizard.
The frilled lizard bites you but does no damage.
The gnoll hits you from afar with a +2 spear of flaming.
The gnoll burns you.
You hit the frilled lizard.
You kill the frilled lizard!
Trog accepts your kill.
The gnoll hits you from afar with a +2 spear of flaming.
The gnoll burns you. The gnoll hits you with a +0 flail.
* * * LOW HITPOINT WARNING * * *
The gnoll hits you with a +2 spear of flaming.
* * * LOW HITPOINT WARNING * * *
The gnoll burns you.
* * * LOW HITPOINT WARNING * * *
It was a potion of degeneration.
There was something very wrong with that liquid.
You feel weakened.
You feel dopey.
You feel clumsy. The gnoll closely misses you. You furiously retaliate!
You headbutt the gnoll.
You riposte.
You closely miss the gnoll.
The gnoll is heavily wounded.
The gnoll hits you with a +2 spear of flaming.
You die...

##.##.........# ##.#
.........### ...#
#).##......# .....#
...###..##......# $.....
.......)##......####..g..#
............(...##.......#
...############.##.......#
...# #..#..g....# ...#
##@#.......# ####
#gg.......# ##........#
#........# ##.####### #.#
#.. ##.# ..


You could see 2 gnolls.

Vanquished Creatures
  A dart slug (D:1)
  3 endoplasms (D:1)
  3 giant cockroaches (D:1)
  4 goblins (D:1)
  4 hobgoblins
  6 jackals
  2 kobolds (D:2)
  2 quokkas
  3 ball pythons
  2 bats (D:1)
  A frilled lizard (D:2)
  2 rats (D:1)
33 creatures vanquished.

Notes
Turn   | Place    | Note
-------+----------+-------------------------------------------
     0 | D:1      | wesbby the Minotaur Berserker began the quest for the Orb.
     0 | D:1      | Reached XP level 1. HP: 19/19 MP: 0/0
   296 | D:1      | Reached XP level 2. HP: 27/27 MP: 1/1
   671 | D:1      | Reached XP level 3. HP: 33/33 MP: 2/2
   911 | D:2      | Reached ** piety under Trog
  1102 | D:2      | HP: 1/33 [gnoll (1)]
  1103 | D:2      | Slain by a gnoll

Illustrated notes

Levels and vault maps discovered:
D:1:      psy_arrival_whirlpool, layout_basic, minmay_tetromino_i2
D:2:      layout_basic, hellmonk_ecumenical_altar_leap_of_faith, basic_altar,
          minmay_misc_feat_roman

Skill      XL: |  1  2 |
---------------+-------+-----
Long Blades    | 4 |  4.5
Fighting       | 4 |  4.2
Armour         | |  2.6
Dodging        | |  2.5

Action                   || total
-------------------------++-------
Melee: Falchion          ||    60
       Headbutt          ||     6
  Use: Potion            ||     1
Armor: Animal skin       ||    10
       Ring mail         ||    16
Dodge: Dodged            ||    38
       Rpst.: Falchion   ||     9

Table legend: (Time is in decaauts)
 A = Elapsed time spent in this place.
 B = Non-inter-level travel time spent in this place.
 C = Inter-level travel time spent in this place.
 D = Time resting spent in this place.
 E = Time spent auto-exploring this place.
 F = Levels seen in this place.
 G = Mean time per level.
                   A        B        C        D        E       F      G
               +--------+--------+--------+--------+--------+-----+--------+
         Total |   1109 |   1060 |     49 |      0 |    916 |   2 |  554.5 |
       Dungeon |   1109 |   1060 |     49 |      0 |    916 |   2 |  554.5 |
               +--------+--------+--------+--------+--------+-----+--------+

Top non-repeatable levels by time:
     D:1: 910 daAuts
     D:2: 199 daAuts
